 Dungeon Sprint DCSS version 0.30.1-11-g7821555f0a (webtiles) character file.

Game seed: 1515174011473086243

290655 Heoruswealwe the Skullcrusher (level 18, -9/200 HPs)
             Began as a Minotaur Fighter on Nov 8, 2023.
             Was an Initiate of Gozag.
             Killed from afar by an ancient lich (46 damage)
             ... with a crystal spear
             ... while petrified by an ancient lich
             ... in the Dungeon (Sprint IX: "|||||||||||||||||||||||||||||").
             The game lasted 01:24:52 (6420 turns).

Heoruswealwe the Skullcrusher (Minotaur Fighter)    Turns: 6420, Time: 01:24:53

Health: -9/200     AC: 59    Str: 29    XL:     18   Next: 42%
Magic:  15/15      EV:  2    Int:  5    God:    Gozag
Gold:   9755       SH:  0    Dex:  5    Spells: 17/17 levels left

rFire   + + +        a - +17 lance "Wyrmbane" {slay drac, rPois rF+ rC+ AC+3}
rCold   + + +        d - +5 tower shield
rNeg    + + +        c - +6 gold dragon scales
rPois   ∞            (helmet restricted)
rElec   .            h - +1 cloak "Kahailej" {rC+}
rCorr   +            f - +4 pair of gloves of Pandemonium {rN+ rCorr}
SInv    +            e - +2 pair of boots
Will    ++...        i - amulet of Zohez {rPois rF+ Regen+ Slay+3} Stlth
                     k - ring "Yruawni" {Will+ rCorr Dex-5 SInv Stlth+}
HPRegen 1.33/turn    j - ring of the Tortoise {AC+8}
MPRegen 0.14/turn

%: no teleportation, clarity
@: petrified
A: horns 2, retaliatory headbutt, iridescent scales 1, clarity, low MP 1,
subdued magic 1, devolution 1
}: 5/17 runes: decaying, serpentine, barnacled, silver, gossamer
a: Renounce Religion, Potion Petition, Call Merchant, Bribe Branch


You were in the Dungeon.
You worshipped Gozag.
Gozag was greatly pleased with you.
You visited 1 branch You collected 38668 gold pieces.
You spent 16766 gold pieces at shops.
You paid 12147 gold pieces to Gozag.

Inventory:

Hand Weapons
 a - the +17 lance "Wyrmbane" (weapon) {slay drac, rPois rF+ rC+ AC+3}
   (You found it in the Dungeon)

   AC:        It affects your AC (+3).
   rF:        It protects you from fire.
   rC:        It protects you from cold.
   rPois:     It protects you from poison.
 b - the +5 scythe "Finisher" {speed, execute}
   (You bought it in a shop in the Dungeon)
 l - a +3 demon trident of electrocution
 m - a +9 bardiche of venom
 n - the +10 morningstar "Eos" {elec, Halo rElec}
   (You found it in the Dungeon)

   Halo:      It grants its wielder a halo, revealing invisible creatures and
   increasing accuracy against all within it other than the wielder.
   rElec:     It insulates you from electricity.
 o - the +5 Lochaber axe {reach-cleave, Poleaxe Drain}
   (You bought it in a shop in the Dungeon)

   Poleaxe:   It uses either Axes or Polearms skill, whichever is higher.
   Drain:     It drains your maximum health when unequipped.
 p - the +10 zealot's sword {holy, Zealotry, *Rage rN+ EV+3}
   (You bought it in a shop in the Dungeon)

   Zealotry:  Whenever the wielder enters a berserk rage, their allies are
   berserked alongside them.
   EV:        It affects your evasion (+3).
   rN:        It protects you from negative energy.
   *Rage:     It berserks you when you make melee attacks (+20% chance).
 q - the +9 sword of Zonguldrok {reap}
   (You bought it in a shop in the Dungeon)
 r - the +3 greatsling "Punk" {acid, rCorr}
   (You bought it in a shop in the Dungeon)

   rCorr:     It protects you from acid and corrosion.
Armour
 c - +6 gold dragon scales (worn)
 d - a +5 tower shield (worn)
 e - a +2 pair of boots (worn)
 f - the +4 pair of gloves of Pandemonium (worn) {rN+ rCorr}
   (You bought it in a shop in the Dungeon)

   rN:        It protects you from negative energy.
   rCorr:     It protects you from acid and corrosion.
 h - the +1 cloak "Kahailej" (worn) {rC+}
   (You bought it in a shop in the Dungeon)

   rC:        It protects you from cold.
Jewellery
 i - the amulet of Zohez (around neck) {rPois rF+ Regen+ Slay+3}
   (You bought it in a shop in the Dungeon)

   [amulet of regeneration]

   Slay:      It affects your accuracy & damage with ranged weapons and melee
   (+3).
   rF:        It protects you from fire.
   rPois:     It protects you from poison.
   Regen:     It increases your rate of health regeneration.
 j - the ring of the Tortoise (right hand) {AC+8}
   (You bought it in a shop in the Dungeon)

   [ring of protection]

   AC:        It affects your AC (+8).
 k - the ring "Yruawni" (left hand) {Will+ rCorr Dex-5 SInv Stlth+}
   (You bought it in a shop in the Dungeon)

   [ring of willpower]

   Dex:       It affects your dexterity (-5).
   SInv:      It lets you see invisible.
   rCorr:     It protects you from acid and corrosion.
   Will:      It increases your willpower.
   Stlth:     It makes you more stealthy.
 G - the ring "Biudasom" {Ice Str+4 Stlth+}
   (You found it in the Dungeon)

   [ring of ice]

   It enhances your ice magic.
   Str:       It affects your strength (+4).
   rF:        It makes you vulnerable to fire.
   rC:        It protects you from cold.
   Stlth:     It makes you more stealthy.
 J - the ring of Tomorrow {*Corrode rElec Will+ Dex+3}
   (You found it in the Dungeon)

   [ring of dexterity]

   Dex:       It affects your dexterity (+3).
   rElec:     It insulates you from electricity.
   *Corrode:  It may corrode you when you take damage.
   Will:      It increases your willpower.
 K - the ring "Xebeno" {rF+ Will+}
   (You found it in the Dungeon)

   [ring of protection from fire]

   rF:        It protects you from fire.
   Will:      It increases your willpower.
 L - the amulet "Sotygaoso" {RegenMP Str-5 Int+3 Dex+7}
   (You found it in the Dungeon)

   [amulet of magic regeneration]

   It increases your rate of magic regeneration.
   Str:       It affects your strength (-5).
   Int:       It affects your intelligence (+3).
   Dex:       It affects your dexterity (+7).
 M - the ring "Nuoh" {Fire *Corrode *Slow rElec rN+ Dex+8}
   (You found it in the Dungeon)

   [ring of fire]

   It enhances your fire magic.
   Dex:       It affects your dexterity (+8).
   rF:        It protects you from fire.
   rC:        It makes you vulnerable to cold.
   rElec:     It insulates you from electricity.
   rN:        It protects you from negative energy.
   *Corrode:  It may corrode you when you take damage.
   *Slow:     It may slow you when you take damage.
Wands
 w - a wand of iceblast (21)
 A - a wand of paralysis (9)
 E - a wand of mindburst (2)
 F - a wand of light (3)
Scrolls
 s - 7 scrolls of identify
 t - 3 scrolls of blinking
 P - 4 scrolls of enchant armour
Potions
 g - 9 potions of haste
 u - 4 potions of berserk rage
 v - a potion of cancellation
 x - 4 potions of might
 z - a potion of resistance
 B - 3 potions of curing
 C - 5 potions of heal wounds
 D - 4 potions of mutation
Miscellaneous
 y - a phantom mirror
 H - a box of beasts


   Skills:
 O Level 27 Fighting
 + Level 8.6 Long Blades
 + Level 18.0(27) Axes
 O Level 27 Maces & Flails
 O Level 27 Polearms
 O Level 27 Armour
 O Level 27 Dodging
 O Level 27 Shields
 * Level 24.3 Evocations


You had 17 spell levels left.
You didn't know any spells.
Your spell library contained the following spells:

 Spells                   Type           Power      Damage    Failure   Level
 Summon Small Mammal      Summ           0%         N/A       95%         1
 Call Canine Familiar     Summ           0%         N/A       100%        3
 Frozen Ramparts          Ice            0%         1d1       100%        3
 Summon Guardian Golem    Hex/Summ       0%         N/A       100%        3
 Ice Form                 Ice/Tmut       0%         N/A       100%        4
 Summon Ice Beast         Ice/Summ       0%         N/A       100%        4


Dungeon Overview and Level Annotations

Branches:
Dungeon (1/1)

Altars:
Cheibriados
Dithmenos
Elyvilon
Fedhas
Gozag
Hepliaklqana
Kikubaaqudgha
Makhleb
Nemelex Xobeh
Okawaru
Qazlal
Ru
Sif Muna
Trog
Uskayaw
Vehumet
Wu Jian
Xom
Yredelemnul
Zin
The Shining One
Jiyva
Lugonu

Shops:
D ([*?=*((*((=**


Innate Abilities, Weirdness & Mutations

You have a pair of horns on your head.
You reflexively headbutt those who attack you in melee.
You are partially covered in iridescent scales. (AC +2)
You possess an exceptional clarity of mind.
Your magical capacity is low. (-10% MP)
Your spells are a little easier to cast, but a little less powerful.
You have hidden genetic defects.


Message History

You headbutt the ancient lich!
The ancient lich is severely damaged.
The ancient lich gestures at you while chanting.
You resist with significant effort.
You impale the ancient lich!!
You destroy the ancient lich!
You block the deathcap's attack.
The wandering mushroom is distracted by your dazzling golden aura.
The curse toe calls on the powers of darkness!
The shadow dragon convulses!
Your body is wracked with pain!
Your limbs are stiffening.
Your Long Blades skill increases to level 8!
Your base Axes skill increases to level 18!
Your Evocations skill increases to level 24!
You hit the ancient lich but do no damage.
You headbutt the ancient lich.
The ancient lich is lightly damaged.
The wandering mushroom is no longer distracted by gold.
The electric golem blinks!
The deathcap barely misses you. You furiously retaliate!
You headbutt the deathcap! You block the ancient lich's attack.
You hit the ancient lich but do no damage.
The ancient lich is lightly damaged.
The electric golem blinks!
The ancient lich touches you but does no damage.
The deathcap releases spores at you but does no damage.
You have turned to stone.
The ancient lich touches you but does no damage.
The deathcap releases spores at you but does no damage.
The ancient lich touches you but does no damage.
The electric golem blinks!
The ancient lich points at you and mumbles some strange words.
The crystal spear hits you!!!!
* * * LOW HITPOINT WARNING * * *
An orb of fire comes into view.
The deathcap releases spores at you but does no damage.
The ancient lich gestures at you while chanting.
The crystal spear hits you!!!!
You die...
Your body crumbles into a pile of gold.

.♣.▓)▓.▓)▓.▓)▓.▓.▓,*,*,*,*,*,*
.♣.▓)▓.▓.▓.▓)▓.▓.▓,*+*,*,*,*,*
.♣.▓)▓.▓.▓.▓)▓.▓.▓,*,*,*,*,*,*
.♣.▓)▓.▓[▓.▓.▓.▓'▓,*,*,*+*,*,*
.♣.▓)▓.▓[▓.▓.▓.▓.▓,*,*,*,*,*,*
.♣.▓)▓.▓.▓.▓.▓.▓'▓,*,*,*,*,*,*
)♣.▓)▓.▓.▓.▓.▓.▓f▓,*,*,*,*,*,*
)♣.▓)▓.▓[▓.▓.▓.▓f▓,*,*,*,*,*,*
)♣.▓.▓.▓[▓.▓'▓.▓@▓,*,*,*,*,*,*
+▓.▓.▓.▓[▓.▓.▓.▓L▓,*,*,*,*,*,*
.▓.▓'▓.▓[▓.▓)▓.▓*▓,*,*,*,*,*,*
.▓.▓(▓.▓.▓.▓)▓.▓D▓,*,*,*,*,*,*
)▓.▓.▓.▓.▓.▓.▓.▓9▓,*,*,*,*,*,*
)▓.▓)▓.▓.▓.▓.▓.▓z▓,*,*,*+*,*,*
)▓.▓)▓.▓.▓.▓.▓.▓°▓,*,*,*,*,*,*
)▓.▓(▓)▓.▓.▓.▓.▓*▓,*,*,*,*,*,*
)▓.▓.▓.▓!▓.▓.▓.▓,*,*+*,*,*,*,*


You could see 2 orbs of fire, an electric golem, a shadow dragon, an ancient
lich (fast), a curse toe, a deathcap (summoned) and a wandering mushroom
(summoned).

Vanquished Creatures
  2 orbs of fire (D)
  3 ancient liches (D)
  Mennas (D)
  Mara (D)
  A juggernaut (D)
  Sojobo (D)
  Margery (D)
  A curse toe (D)
  Saint Roka (D)
  A golden dragon (D)
  Nikola (D)
  2 electric golems (D)
  A tentacled monstrosity (D)
  A lich (D)
  14 Orb Guardians (D)
  A titan (D)
  3 quicksilver dragons (D)
  A death cob (D)
  3 sphinxes (D)
  3 tengu reavers (D)
  6 storm dragons (D)
  Donald (D)
  7 shadow dragons (D)
  A draconian monk (D)
  Ilsuiw (D)
  7 nagarajas (D)
  6 emperor scorpions (D)
  2 draconian knights (D)
  Louise (D)
  3 frost giants (D)
  4 vault wardens (D)
  A draconian shifter (D)
  An orc warlord (D)
  2 ironbound preservers (D)
  3 very ugly things (D)
  5 ironbound thunderhulks (D)
  A draconian annihilator (D)
  4 stone giants (D)
  3 green draconians (D)
  Nessos (D)
  2 white draconians (D)
  4 eleionomae (D)
  4 black draconians (D)
  3 yellow draconians (D)
  A purple draconian (D)
  2 spark wasps (D)
  A bunyip (D)
  4 red draconians (D)
  Snorg (D)
  6 ettins (D)
  9 fire dragons (D)
  6 merfolk javelineers (D)
  2 entropy weavers (D)
  3 merfolk impalers (D)
  Josephine (D)
  7 ice dragons (D)
  5 hydras (D)
  4 ogre magi (D)
  25 vault guards (D)
  4 centaur warriors (D)
  A naga warrior (D)
  2 spriggan air magi (D)
  An alligator (D)
  2 merfolk aquamancers (D)
  2 merfolk avatars (D)
  9 two-headed ogres (D)
  2 tengu warriors (D)
  A vampire mage (D)
  A naga sharpshooter (D)
  4 hell knights (D)
  2 deep troll shamans (D)
  A skyshark (D)
  Sonja (D)
  A pharaoh ant (D)
  3 swamp dragons (D)
  2 spriggan druids (D)
  A glowing orange brain (D)
  2 sea snakes (D)
  2 phantasmal warriors (D)
  An orb spider (D)
  A naga ritualist (D)
  3 necromancers (D)
  3 wolf spiders (D)
  A harpy (D)
  A wizard (D)
  3 ironbound convokers (D)
  A deep elf pyromancer (D)
  3 orc knights (D)
  An orc sorcerer (D)
  2 will-o-the-wisps (D)
  2 cyclopes (D)
  7 moths of wrath (D)
  2 salamanders (D)
  4 guardian serpents (D)
  An elephant (D)
  A merfolk siren (D)
  Maurice (D)
  2 naga magi (D)
  4 demonic crawlers (D)
  6 cane toads (D)
  Psyche (D)
  An efreet (D)
  A komodo dragon (D)
  A tengu conjurer (D)
  A troll (D)
  2 merfolk (D)
  A wind drake (D)
  3 tyrant leeches (D)
  A hornet (D)
  2 tarantellas (D)
  A tarantella (shapeshifter) (D)
  A blink frog (D)
  2 slime creatures (D)
  A raiju (D)
  A water elemental (D)
  4 wraiths (D)
  2 wyverns (D)
  3 basilisks (D)
  A redback (D)
  A steam dragon (D)
  4 nagas (D)
  2 water moccasins (D)
  2 acid dragons (D)
  A swamp drake (D)
  16 orc warriors (D)
  3 ogres (D)
  2 wolves (D)
  A phantom (D)
  A jelly (D)
  3 orc priests (D)
  4 orc wizards (D)
  2 adders (D)
  5 worms (D)
  10 orcs (D)
  A giant cockroach (D)
  2 goblins (D)
  2 ball pythons (D)
379 creatures vanquished.

Vanquished Creatures (others)
  3 foxfires (D)
3 creatures vanquished.

Grand Total: 382 creatures vanquished

Notes
Turn   | Place    | Note
-------+----------+-------------------------------------------
     0 | D        | Heoruswealwe the Minotaur Fighter began the quest for the
                  | Orb.
     0 | D        | Reached XP level 1. HP: 19/19 MP: 0/0
    19 | D        | Noticed an orc wizard
    19 | D        | Noticed a phantom
    19 | D        | Noticed a jelly
    22 | D        | Reached XP level 2. HP: 28/28 MP: 1/1
    34 | D        | Reached skill level 5 in Fighting
    34 | D        | Reached skill level 5 in Armour
    34 | D        | Reached XP level 3. HP: 31/36 MP: 2/2
    44 | D        | Killed a phantom
    45 | D        | Reached XP level 4. HP: 43/45 MP: 3/3
    52 | D        | Reached XP level 5. HP: 28/52 MP: 4/4
    58 | D        | Found a snail-covered altar of Cheibriados.
    58 | D        | Found a shadowy altar of Dithmenos.
    58 | D        | Found a white marble altar of Elyvilon.
    58 | D        | Found a blossoming altar of Fedhas.
    58 | D        | Found an opulent altar of Gozag.
    59 | D        | Found a hazy altar of Hepliaklqana.
    60 | D        | Found a viscous altar of Jiyva.
    61 | D        | Found an ancient bone altar of Kikubaaqudgha.
    62 | D        | Found a corrupted altar of Lugonu.
    63 | D        | Found a burning altar of Makhleb.
    64 | D        | Found a sparkling altar of Nemelex Xobeh.
    65 | D        | Found an iron altar of Okawaru.
    66 | D        | Became a worshipper of Gozag Ym Sagoz the Greedy
    67 | D        | Found a stormy altar of Qazlal.
    68 | D        | Found a sacrificial altar of Ru.
    69 | D        | Found a shimmering blue altar of Sif Muna.
    70 | D        | Found a bloodstained altar of Trog.
    71 | D        | Found a hide-covered altar of Uskayaw.
    72 | D        | Found a radiant altar of Vehumet.
    73 | D        | Found an ornate altar of the Wu Jian Council.
    74 | D        | Found a shimmering altar of Xom.
    75 | D        | Found a basalt altar of Yredelemnul.
    76 | D        | Found a glowing silver altar of Zin.
    77 | D        | Found a glowing golden altar of the Shining One.
    85 | D        | Found the +10 morningstar "Eos" {elec, Halo rElec}
   137 | D        | Noticed a wraith
   137 | D        | Noticed an orc warrior
   137 | D        | Noticed a wyvern
   137 | D        | Noticed an acid dragon
   137 | D        | Noticed a two-headed ogre
   140 | D        | Killed a wraith
   141 | D        | Reached XP level 6. HP: 58/62 MP: 5/5
   147 | D        | Killed an orc warrior
   148 | D        | Killed a wyvern
   149 | D        | Reached XP level 7. HP: 65/71 MP: 6/6
   152 | D        | Reached skill level 10 in Fighting
   152 | D        | Reached skill level 10 in Maces & Flails
   152 | D        | Reached skill level 10 in Armour
   156 | D        | Killed a two-headed ogre
   157 | D        | Reached XP level 8. HP: 31/82 MP: 7/7
   314 | D        | Noticed a centaur warrior
   314 | D        | Noticed a two-headed ogre
   314 | D        | Noticed a slime creature
   314 | D        | Noticed a troll
   314 | D        | Noticed a tarantella
   317 | D        | Killed a centaur warrior
   320 | D        | Killed a two-headed ogre
   321 | D        | Reached skill level 15 in Maces & Flails
   321 | D        | Reached XP level 9. HP: 87/93 MP: 8/8
   327 | D        | Killed a troll
   522 | D        | Noticed a cane toad
   522 | D        | Noticed a komodo dragon
   528 | D        | Noticed a cane toad
   540 | D        | Killed a cane toad
   541 | D        | Killed a komodo dragon
   542 | D        | Reached XP level 10. HP: 102/104 MP: 9/9
   562 | D        | Killed a cane toad
   584 | D        | Noticed a cane toad
   584 | D        | Noticed a cane toad
   584 | D        | Noticed a skyshark
   584 | D        | Noticed a cane toad
   586 | D        | Reached skill level 15 in Fighting
   586 | D        | Reached skill level 15 in Armour
   587 | D        | Noticed a cane toad
   589 | D        | Killed a cane toad
   589 | D        | Noticed an elephant
   591 | D        | Killed a cane toad
   595 | D        | Killed a skyshark
   600 | D        | Killed a cane toad
   610 | D        | Killed a cane toad
   616 | D        | Killed an elephant
   800 | D        | Noticed Sonja
   803 | D        | Killed Sonja
   804 | D        | Reached XP level 11. HP: 115/115 MP: 10/10
   819 | D        | Noticed Psyche
   820 | D        | Paralysed by Psyche for 5 turns
   829 | D        | Killed Psyche
  1081 | D        | Found Reilel's Antique Weapon Emporium.
  1081 | D        | Noticed an ogre mage
  1081 | D        | Noticed an ogre mage
  1081 | D        | Noticed an ogre mage
  1081 | D        | Noticed a two-headed ogre
  1083 | D        | Killed an ogre mage
  1084 | D        | Noticed a two-headed ogre
  1086 | D        | Killed an ogre mage
  1086 | D        | Noticed a two-headed ogre
  1087 | D        | Found Rays's Armour Shoppe.
  1087 | D        | Noticed a two-headed ogre
  1091 | D        | Paralysed by an ogre mage for 5 turns
  1098 | D        | Killed an ogre mage
  1101 | D        | Killed a two-headed ogre
  1102 | D        | Found Geug's Assorted Antiques.
  1105 | D        | Killed a two-headed ogre
  1109 | D        | Killed a two-headed ogre
  1112 | D        | Killed a two-headed ogre
  1117 | D        | Found Vudghafo's Magic Scroll Shoppe.
  1120 | D        | Noticed a two-headed ogre
  1121 | D        | Noticed a two-headed ogre
  1122 | D        | Noticed a two-headed ogre
  1125 | D        | Killed a two-headed ogre
  1130 | D        | Killed a two-headed ogre
  1131 | D        | Reached XP level 12. HP: 37/128 MP: 11/11
  1136 | D        | Killed a two-headed ogre
  1214 | D        | Bought the +3 greatsling "Punk" {acid, rCorr} for 626 gold
                  | pieces
  1214 | D        | Found the +3 greatsling "Punk" {acid, rCorr}
  1220 | D        | Bought a scroll labelled BAMAIR DAUCSY for 23 gold pieces
  1220 | D        | Bought a scroll labelled BAMAIR DAUCSY for 23 gold pieces
  1220 | D        | Bought a potion of curing for 69 gold pieces
  1220 | D        | Bought a scroll labelled BAMAIR DAUCSY for 23 gold pieces
  1220 | D        | Bought a scroll of enchant weapon for 172 gold pieces
  1220 | D        | Bought a glowing pink potion for 20 gold pieces
  1220 | D        | Bought a potion of might for 92 gold pieces
  1220 | D        | Bought a lumpy inky potion for 20 gold pieces
  1220 | D        | Bought an emerald potion for 20 gold pieces
  1224 | D        | Bought a scroll of enchant weapon for 105 gold pieces
  1224 | D        | Bought a scroll of enchant weapon for 105 gold pieces
  1224 | D        | Bought a scroll of identify for 28 gold pieces
  1224 | D        | Bought a scroll of identify for 28 gold pieces
  1224 | D        | Bought a scroll of identify for 28 gold pieces
  1229 | D        | Bought 2 scrolls of torment for 266 gold pieces
  1229 | D        | Bought a scroll of vulnerability for 56 gold pieces
  1229 | D        | Bought a scroll of fog for 56 gold pieces
  1229 | D        | Bought a scroll of poison for 56 gold pieces
  1258 | D        | Bought the ring of the Tortoise {AC+8} for 2432 gold pieces
  1258 | D        | Found the ring of the Tortoise {AC+8}
  1287 | D        | Bought the ring "Yruawni" {Will+ rCorr Dex-5 SInv Stlth+}
                  | for 647 gold pieces
  1287 | D        | Bought the amulet of Zohez {rPois rF+ Regen+ Slay+3} for
                  | 1155 gold pieces
  1296 | D        | Bought a potion of haste for 110 gold pieces
  1296 | D        | Bought a scroll of enchant weapon for 82 gold pieces
  1296 | D        | Bought a scroll of identify for 22 gold pieces
  1309 | D        | Noticed Maurice
  1318 | D        | Killed Maurice
  1375 | D        | Noticed Josephine
  1383 | D        | Killed Josephine
  1562 | D        | Noticed an ogre mage
  1562 | D        | Noticed a seven-headed hydra
  1562 | D        | Noticed a centaur warrior
  1569 | D        | Killed an ogre mage
  1574 | D        | Killed a seven-headed hydra
  1575 | D        | Noticed a tengu warrior
  1576 | D        | Noticed a brown very ugly thing
  1578 | D        | Killed a centaur warrior
  1580 | D        | Noticed a fire dragon
  1583 | D        | Noticed a frost giant
  1585 | D        | Noticed a fire dragon
  1592 | D        | Killed a brown very ugly thing
  1596 | D        | Killed a tengu warrior
  1596 | D        | Noticed an ice dragon
  1597 | D        | Noticed a vampire mage
  1598 | D        | Noticed a deep troll shaman
  1602 | D        | Killed a fire dragon
  1608 | D        | Killed a frost giant
  1617 | D        | Killed a fire dragon
  1623 | D        | Killed an ice dragon
  1624 | D        | Killed a vampire mage
  1627 | D        | Killed a deep troll shaman
  1708 | D        | Bought a potion of curing for 39 gold pieces
  1708 | D        | Bought a phantom mirror for 520 gold pieces
  1708 | D        | Bought a scroll of immolation for 52 gold pieces
  1708 | D        | Bought the +4 pair of gloves of Pandemonium {rN+ rCorr} for
                  | 536 gold pieces
  1762 | D        | Noticed Donald
  1766 | D        | Noticed Saint Roka
  1771 | D        | Killed Donald
  1777 | D        | Reached XP level 13. HP: 83/141 MP: 12/12
  1792 | D        | Killed Saint Roka
  1793 | D        | Reached skill level 27 in Maces & Flails
  1923 | D        | Noticed an emperor scorpion
  1923 | D        | Noticed an emperor scorpion
  1926 | D        | Reached skill level 1 in Dodging
  1927 | D        | Reached skill level 1 in Evocations
  1932 | D        | Killed an emperor scorpion
  1933 | D        | Reached skill level 5 in Shields
  1938 | D        | Killed an emperor scorpion
  1991 | D        | Noticed a merfolk impaler
  1992 | D        | Reached skill level 5 in Dodging
  2022 | D        | Killed a merfolk impaler
  2023 | D        | Reached skill level 5 in Evocations
  2065 | D        | Noticed a nagaraja
  2078 | D        | Killed a nagaraja
  2194 | D        | Noticed an eleionoma
  2194 | D        | Noticed a bunyip
  2194 | D        | Noticed an eleionoma
  2198 | D        | Noticed an eleionoma
  2210 | D        | Noticed an eleionoma
  2221 | D        | Killed an eleionoma
  2230 | D        | Killed an eleionoma
  2231 | D        | Reached skill level 10 in Shields
  2234 | D        | Killed a bunyip
  2238 | D        | Killed an eleionoma
  2239 | D        | Reached XP level 14. HP: 102/155 MP: 13/13
  2288 | D        | Bought the +10 zealot's sword {holy, Zealotry, *Rage rN+
                  | EV+3} for 1581 gold pieces
  2288 | D        | Found the +10 zealot's sword {holy, Zealotry, *Rage rN+
                  | EV+3}
  2383 | D        | Noticed a stone giant
  2383 | D        | Noticed a purple very ugly thing
  2397 | D        | Killed a stone giant
  2403 | D        | Killed a purple very ugly thing
  2404 | D        | Reached skill level 10 in Dodging
  2457 | D        | Noticed a frost giant
  2462 | D        | Killed a frost giant
  2570 | D        | Noticed an ironbound preserver
  2571 | D        | Noticed an ironbound thunderhulk
  2575 | D        | Noticed an ironbound preserver
  2577 | D        | Killed an ironbound preserver
  2581 | D        | Reached skill level 10 in Evocations
  2587 | D        | Noticed an ironbound thunderhulk
  2595 | D        | Noticed an ironbound thunderhulk
  2616 | D        | Killed an ironbound preserver
  2625 | D        | Killed an ironbound thunderhulk
  2635 | D        | Killed an ironbound thunderhulk
  2639 | D        | Killed an ironbound thunderhulk
  2658 | D        | Noticed an ironbound thunderhulk
  2659 | D        | Noticed an ironbound thunderhulk
  2660 | D        | Noticed a vault warden
  2665 | D        | Killed an ironbound thunderhulk
  2668 | D        | Noticed a vault warden
  2670 | D        | Killed an ironbound thunderhulk
  2686 | D        | Killed a vault warden
  2692 | D        | Killed a vault warden
  2823 | D        | Noticed an orc warlord
  2824 | D        | Noticed a vault warden
  2832 | D        | Killed an orc warlord
  2833 | D        | Reached skill level 15 in Shields
  2839 | D        | Killed a vault warden
  2873 | D        | Bought the +5 scythe "Finisher" {speed, execute} for 1364
                  | gold pieces
  2873 | D        | Found the +5 scythe "Finisher" {speed, execute}
  2873 | D        | Bought the +5 Lochaber axe {reach-cleave, Poleaxe Drain}
                  | for 1097 gold pieces
  2873 | D        | Found the +5 Lochaber axe {reach-cleave, Poleaxe Drain}
  2919 | D        | Noticed Louise
  2929 | D        | Killed Louise
  2930 | D        | Reached XP level 15. HP: 157/169 MP: 14/14
  2993 | D        | Reached skill level 10 in Polearms
  3198 | D        | Noticed Margery
  3209 | D        | Killed Margery
  3425 | D        | Bought the +9 sword of Zonguldrok {reap} for 2480 gold
                  | pieces
  3425 | D        | Found the +9 sword of Zonguldrok {reap}
  3639 | D        | Noticed an emperor scorpion
  3639 | D        | Noticed an emperor scorpion
  3639 | D        | Noticed an emperor scorpion
  3644 | D        | Killed an emperor scorpion
  3648 | D        | Killed an emperor scorpion
  3648 | D        | Noticed an emperor scorpion
  3655 | D        | Killed an emperor scorpion
  3659 | D        | Reached skill level 15 in Polearms
  3671 | D        | Killed an emperor scorpion
  3688 | D        | Got a gossamer rune of Zot
  3724 | D        | Got a decaying rune of Zot
  3756 | D        | Noticed a nagaraja
  3761 | D        | Noticed a nagaraja
  3766 | D        | Noticed a nagaraja
  3768 | D        | Killed a nagaraja
  3772 | D        | Killed a nagaraja
  3773 | D        | Noticed a nagaraja
  3778 | D        | Noticed a nagaraja
  3782 | D        | Noticed a nagaraja
  3786 | D        | Killed a nagaraja
  3791 | D        | Killed a nagaraja
  3796 | D        | Killed a nagaraja
  3804 | D        | Killed a nagaraja
  3808 | D        | Got a serpentine rune of Zot
  3871 | D        | Noticed Ilsuiw
  3877 | D        | Reached skill level 27 in Fighting
  3882 | D        | Reached skill level 27 in Armour
  3888 | D        | Killed Ilsuiw
  3944 | D        | Got a barnacled rune of Zot
  3977 | D        | Noticed Mennas
  4035 | D        | Killed Mennas
  4109 | D        | Noticed Nikola
  4116 | D        | Killed Nikola
  4117 | D        | Reached skill level 15 in Dodging
  4117 | D        | Noticed a tengu reaver
  4119 | D        | Noticed Sojobo
  4120 | D        | Noticed a tengu reaver
  4130 | D        | Killed a tengu reaver
  4131 | D        | Reached XP level 16. HP: 78/183 MP: 15/15
  4146 | D        | Killed Sojobo
  4152 | D        | Killed a tengu reaver
  4564 | D        | Noticed a sphinx
  4564 | D        | Noticed a lich
  4566 | D        | Noticed a tengu reaver
  4576 | D        | Killed a sphinx
  4577 | D        | Reached skill level 15 in Evocations
  4580 | D        | Noticed a shadow dragon
  4585 | D        | Killed a lich
  4590 | D        | Killed a tengu reaver
  4591 | D        | Noticed a shadow dragon
  4610 | D        | Noticed a sphinx
  4624 | D        | Killed a shadow dragon
  4634 | D        | Killed a shadow dragon
  4644 | D        | Killed a sphinx
  4700 | D        | Noticed a shadow dragon
  4700 | D        | Noticed a titan
  4700 | D        | Noticed a shadow dragon
  4700 | D        | Noticed a shadow dragon
  4702 | D        | Noticed an ancient lich
  4715 | D        | Killed a shadow dragon
  4716 | D        | Noticed a quicksilver dragon
  4717 | D        | Killed a titan
  4717 | D        | Noticed a shadow dragon
  4721 | D        | Killed an ancient lich
  4722 | D        | Reached skill level 27 in Polearms
  4722 | D        | Identified the +0 robe "Rievveo" {Rampage rC+ Str+3}
  4726 | D        | Killed a shadow dragon
  4735 | D        | Killed a shadow dragon
  4749 | D        | Killed a shadow dragon
  4754 | D        | Killed a quicksilver dragon
  4762 | D        | Got a silver rune of Zot
  4867 | D        | Bought a scroll of identify for 26 gold pieces
  4867 | D        | Bought a potion of attraction for 39 gold pieces
  4890 | D        | Bought a scroll of enchant weapon for 292 gold pieces
  4890 | D        | Bought a jewelled ivory wand for 156 gold pieces
  4890 | D        | Bought a forked fluorescent wand for 156 gold pieces
  4890 | D        | Bought a scroll labelled ARGHUAC AMOVURA for 39 gold pieces
  4890 | D        | Bought a scroll of identify for 78 gold pieces
  4890 | D        | Bought a box of beasts for 1560 gold pieces
  4890 | D        | Bought a masterwork cloak for 370 gold pieces
  4890 | D        | Identified the +1 cloak "Kahailej" {rC+} (You bought it in
                  | a shop in the Dungeon)
  4890 | D        | Bought a potion of curing for 117 gold pieces
  4906 | D        | Noticed Snorg
  4915 | D        | Killed Snorg
  4923 | D        | Noticed Mara
  4926 | D        | Noticed Heoruswealwe's illusion
  4951 | D        | Noticed Heoruswealwe's illusion
  4953 | D        | Killed Mara
  4954 | D        | Reached XP level 17. HP: 157/191 MP: 16/16
  4995 | D        | Noticed Nessos
  5001 | D        | Killed Nessos
  5037 | D        | Got the ring "Biudasom" {Ice Str+4 Stlth+}
  5039 | D        | Got the ring of Tomorrow {*Corrode rElec Will+ Dex+3}
  5041 | D        | Got the ring "Xebeno" {rF+ Will+}
  5043 | D        | Got the amulet "Sotygaoso" {RegenMP Str-5 Int+3 Dex+7}
  5045 | D        | Got the ring "Nuoh" {Fire *Corrode *Slow rElec rN+ Dex+8}
  5046 | D        | Found the +8 lance "Wyrmbane" {slay drac, rPois rF+ rC+
                  | AC+3}
  5351 | D        | Noticed a juggernaut
  5372 | D        | Killed a juggernaut
  5454 | D        | Noticed a golden dragon
  5460 | D        | Killed a golden dragon
  5592 | D        | Noticed an electric golem
  5592 | D        | Noticed an orb of fire
  5623 | D        | Killed an orb of fire
  5653 | D        | Killed an electric golem
  5759 | D        | Noticed a quicksilver dragon
  5775 | D        | Reached skill level 5 in Axes
  5793 | D        | Killed a quicksilver dragon
  5824 | D        | Noticed a quicksilver dragon
  5868 | D        | Killed a quicksilver dragon
  5881 | D        | Noticed a tentacled monstrosity
  5896 | D        | Killed a tentacled monstrosity
  5897 | D        | Reached skill level 10 in Axes
  5930 | D        | Reached skill level 27 in Shields
  6068 | D        | Noticed an Orb Guardian
  6068 | D        | Noticed an Orb Guardian
  6068 | D        | Noticed an Orb Guardian
  6068 | D        | Noticed an Orb Guardian
  6068 | D        | Noticed an Orb Guardian
  6068 | D        | Noticed an Orb Guardian
  6076 | D        | Killed an Orb Guardian
  6085 | D        | Killed an Orb Guardian
  6095 | D        | Killed an Orb Guardian
  6102 | D        | Killed an Orb Guardian
  6107 | D        | Killed an Orb Guardian
  6108 | D        | Reached XP level 18. HP: 200/200 MP: 17/17
  6113 | D        | Killed an Orb Guardian
  6114 | D        | Noticed an Orb Guardian
  6116 | D        | Noticed an Orb Guardian
  6117 | D        | Noticed an Orb Guardian
  6118 | D        | Noticed an Orb Guardian
  6124 | D        | Killed an Orb Guardian
  6131 | D        | Killed an Orb Guardian
  6144 | D        | Killed an Orb Guardian
  6154 | D        | Killed an Orb Guardian
  6168 | D        | Noticed an Orb Guardian
  6168 | D        | Noticed an Orb Guardian
  6168 | D        | Noticed a curse toe
  6176 | D        | Reached skill level 15 in Axes
  6176 | D        | Noticed an Orb Guardian
  6180 | D        | Noticed an Orb Guardian
  6195 | D        | Killed an Orb Guardian
  6198 | D        | Killed an Orb Guardian
  6208 | D        | Killed a curse toe
  6217 | D        | Reached skill level 1 in Long Blades
  6222 | D        | Killed an Orb Guardian
  6228 | D        | Killed an Orb Guardian
  6319 | D        | Noticed an ancient lich
  6325 | D        | Killed an ancient lich
  6329 | D        | Noticed an orb of fire
  6330 | D        | Gained mutation: Your magical capacity is low. (-10% MP)
                  | [an orb of fire]
  6332 | D        | Gained mutation: You have hidden genetic defects. [an orb
                  | of fire]
  6334 | D        | Gained mutation: Your spells are a little easier to cast,
                  | but a little less powerful. [an orb of fire]
  6345 | D        | Gained mutation: You are partially covered in iridescent
                  | scales. (AC +2) [an orb of fire]
  6357 | D        | Gained mutation: You possess an exceptional clarity of
                  | mind. [an orb of fire]
  6358 | D        | Killed an orb of fire
  6359 | D        | Reached skill level 27 in Dodging
  6383 | D        | Noticed an electric golem
  6393 | D        | Killed an electric golem
  6400 | D        | Noticed an ancient lich
  6400 | D        | Noticed an electric golem
  6400 | D        | Noticed a curse toe
  6400 | D        | Noticed an ancient lich
  6400 | D        | Noticed an orb of fire
  6415 | D        | Killed an ancient lich
  6419 | D        | Noticed an orb of fire
  6420 | D        | Killed from afar by an ancient lich

Illustrated notes

Levels and vault maps discovered:
D:        linesprint [early_d, line_temple, items_1, d_10, items_2, lair_1,
          lair_end, items_3, orc_1, orc_end, items_4, d_15, swamp_1, shoals_1,
          snake_1, spider_1, d_20, vaults_1, items_5, swamp_end, shoals_end,
          snake_end, spider_end, vaults_end, d_27, items_6, zot_1, zot_end,
          crypt_end, forest_end, elf_end, slime_end, tomb_end, abyss_end,
          pan_hell_end]

Skill      XL: |  1  2  3  4  5  6  7  8  9 10 11 12 13 14 15 16 17 18 |
---------------+-------------------------------------------------------+-----
Polearms       | 4 6 8 9 21 27 | 27.0
Fighting       | 4 5 6 7 8 9 11 13 14 16 18 20 22 25 27 | 27.0
Armour         | 4 5 6 7 8 9 11 13 14 16 18 20 22 24 27 | 27.0
Maces & Flails | 6 9 12 15 17 20 23 26 27 | 27.0
Dodging        | 9 13 15 20 25 27 | 27.0
Shields        | 10 15 16 22 27 | 27.0
Evocations     | 7 11 12 17 21 24 | 24.3
Axes           | 13 18 | 18.0
Long Blades    | 8 |  8.6

Action                     |  1- 3 |  4- 6 |  7- 9 | 10-12 | 13-15 | 16-18 || total
---------------------------+-------+-------+-------+-------+-------+-------++-------
  Melee: Trident           |    29 |     6 |       |       |       |       ||    35
         Headbutt          |     4 |     2 |    10 |    55 |   157 |   197 ||   425
         Morningstar       |       |    11 |    35 |   219 |   545 |    14 ||   824
         Scythe            |       |       |       |       |       |   261 ||   261
         Lance             |       |       |       |       |       |   501 ||   501
 Invoke: Call Merchant     |       |       |       |     5 |     2 |     3 ||    10
    Use: Potion            |     1 |     1 |       |     2 |    15 |     2 ||    21
         Scroll            |       |       |       |     3 |    15 |     4 ||    22
   Stab: Distracted        |       |       |       |     2 |     5 |    10 ||    17
 Armour: Scale mail        |    13 |     1 |       |       |       |       ||    14
         Ring mail         |       |     2 |     2 |       |       |       ||     4
         Plate armour      |       |       |     9 |    95 |   158 |       ||   262
         Gold dragon scale |       |       |       |       |   149 |   222 ||   371
  Dodge: Dodged            |     9 |     5 |    12 |    54 |   100 |    90 ||   270
  Block: Buckler           |     3 |     4 |     1 |    23 |       |       ||    31
         Kite shield       |       |       |       |       |    91 |       ||    91
         Reflection        |       |       |       |       |     1 |       ||     1
         Tower shield      |       |       |       |       |   157 |   282 ||   439
